 Dungeon Crawl Stone Soup version 0.29.1-1-gd02db6906a (console) character file.

Game seed: 3393696197407572718

4 sentinel the Digger (level 2, 20/20 HPs)
             Began as a Meteoran Earth Elementalist on Oct 4, 2022.
             Quit the game on level 1 of the Dungeon.
             The game lasted 00:00:07 (196 turns).

sentinel the Digger (Meteoran Earth Elementalist)    Turns: 196, Time: 00:00:07

Health: 20/20      AC:  2    Str:  9    XL:     2   Next: 0%
Magic:  6/6        EV: 12    Int: 16    God:
Gold:   0          SH:  0    Dex: 14    Spells: 5/6 levels left

rFire   . . .      SeeInvis .   (no weapon)
rCold   . . .      Faith    .   (no shield)
rNeg    . . .      Spirit   .   a - +0 robe
rPois   .          Reflect  .   (no helmet)
rElec   .          Harm     .   (no cloak)
rCorr   .          Rampage  .   (no gloves)
Will    .....                   (no boots)
Stlth   +.........              (no amulet)
HPRegen 0.06/turn               (no ring)
MPRegen 0.10/turn               (no ring)

@: glowing
A: sense surroundings 1, otherworldly, glowing, explore regen
a: no special abilities


You were on level 1 of the Dungeon.
You visited 1 branch of the dungeon, and saw 1 of its levels.

Inventory:

Armour
 a - a +0 robe (worn)
Jewellery
 o - a ring of poison resistance
Scrolls
 d - a scroll of summoning {unknown}
Potions
 b - a potion of magic
 c - a potion of curing {unknown}


   Skills:
 - Level 2.4 Dodging
 - Level 1.4 Stealth
 - Level 2.6 Spellcasting
 - Level 1.2 Transmutations
 + Level 4.1 Earth Magic


You had 5 spell levels left.
You knew the following spells:

 Your Spells              Type           Power      Damage    Failure   Level
a - Sandblast             Erth           30%        2d9       3%          1

Your spell library contained the following spells:

 Spells                   Type           Power      Damage    Failure   Level
 Passwall                 Tmut/Erth      8%         N/A       10%         2
 Stone Arrow              Conj/Erth      16%        3d8       26%         3
 Petrify                  Tmut/Erth      10%        N/A       54%         4


Dungeon Overview and Level Annotations

Branches:
Dungeon (1/15) Zot: 401

Altars:


Innate Abilities, Weirdness & Mutations

You passively map a small area around you.
You are easily found by Zot.
You glow in the dark.
You regain HP and MP as you explore.


Message History

Below lies the Orb of Zot, rumoured to be powerful enough to resurrect a god...
Press ? for a list of commands and other information.
Found a staircase leading out of the dungeon.
Unknown command.
Unknown command.
Unknown command.
Found 6 stones.
Unknown command.
A ball python and an endoplasm come into view.
The ball python hisses angrily.
Unknown command.
But you're not safe!
Unknown command.
But you're not safe!
Unknown command.
But you're not safe!
Unknown command.
The blast of sand hits the ball python.
You kill the ball python!
The endoplasm quivers.
The blast of sand hits the endoplasm!
You kill the endoplasm!
Unknown command.
You can't see any susceptible monsters within range! (Use Z to cast anyway.) Unknown command.
You can't see any susceptible monsters within range! (Use Z to cast anyway.) Unknown command.
You can't see any susceptible monsters within range! (Use Z to cast anyway.) Unknown command.
No target in view!
No target in view!
You can't see any susceptible monsters within range! (Use Z to cast anyway.) Unknown command.
You can't see any susceptible monsters within range! (Use Z to cast anyway.) Unknown command.
You can't see any susceptible monsters within range! (Use Z to cast anyway.) Unknown command.
You can't see any susceptible monsters within range! (Use Z to cast anyway.) Unknown command.
No target in view!
No target in view!
You can't see any susceptible monsters within range! (Use Z to cast anyway.) Unknown command.
You can't see any susceptible monsters within range! (Use Z to cast anyway.) Unknown command.
You can't see any susceptible monsters within range! (Use Z to cast anyway.) Unknown command.
You can't see any susceptible monsters within range! (Use Z to cast anyway.) Unknown command.
Magic restored.
Found a spear.
Unknown command.
A goblin comes into view. It is wielding a +0 dagger.
Unknown command.
But you're not safe!
Unknown command.
But you're not safe!
Unknown command.
But you're not safe!
Unknown command.
The goblin shouts!
The blast of sand misses the goblin.
Unknown command.
The blast of sand hits the goblin.
You kill the goblin!
Unknown command.
You can't see any susceptible monsters within range! (Use Z to cast anyway.) Unknown command.
You can't see any susceptible monsters within range! (Use Z to cast anyway.) Unknown command.
No target in view!
No target in view!
You can't see any susceptible monsters within range! (Use Z to cast anyway.) Unknown command.
You can't see any susceptible monsters within range! (Use Z to cast anyway.) Unknown command.
You can't see any susceptible monsters within range! (Use Z to cast anyway.) Unknown command.
You can't see any susceptible monsters within range! (Use Z to cast anyway.) Unknown command.
No target in view!
No target in view!
You can't see any susceptible monsters within range! (Use Z to cast anyway.) Unknown command.
You can't see any susceptible monsters within range! (Use Z to cast anyway.) Unknown command.
You can't see any susceptible monsters within range! (Use Z to cast anyway.) Unknown command.
You can't see any susceptible monsters within range! (Use Z to cast anyway.) Unknown command.
Found 16 gold pieces.
Unknown command.
Found 5 gold pieces.
Found a stone staircase leading down.
Unknown command.
c - a green potion Unknown command.
A goblin comes into view. It is wielding a +0 dagger.
The goblin shouts!
Unknown command.
But you're not safe!
Unknown command.
The blast of sand hits the goblin!
You kill the goblin!
Your Earth Magic skill increases to level 4!
You have reached level 2!
You can't see any susceptible monsters within range! (Use Z to cast anyway.) Unknown command.
You can't see any susceptible monsters within range! (Use Z to cast anyway.) Unknown command.
You can't see any susceptible monsters within range! (Use Z to cast anyway.) Unknown command.
No target in view!
No target in view!
You can't see any susceptible monsters within range! (Use Z to cast anyway.) Unknown command.
You can't see any susceptible monsters within range! (Use Z to cast anyway.) Unknown command.
You can't see any susceptible monsters within range! (Use Z to cast anyway.) Unknown command.
You can't see any susceptible monsters within range! (Use Z to cast anyway.) Unknown command.
No target in view!
No target in view!
You can't see any susceptible monsters within range! (Use Z to cast anyway.) Unknown command.
You can't see any susceptible monsters within range! (Use Z to cast anyway.) Unknown command.
You can't see any susceptible monsters within range! (Use Z to cast anyway.) Unknown command.
You can't see any susceptible monsters within range! (Use Z to cast anyway.) Unknown command.
d - a scroll labelled BUTUPE DUCIA Unknown command.
You see here 5 gold pieces.
There is a stone staircase leading down here.
Unknown command.
You see here a +0 spear.
o - a ring of poison resistance Unknown command.
You see here a +0 spear.
Found a stone staircase leading down.
Unknown command.
There is a stone staircase leading down here.
Found 5 large rocks.
Unknown command.
Unknown command.
Unknown command.
Unknown command.
Unknown command.
Are you sure you want to abandon this character and quit the game? (Confirm with "yes".)

, #.#.#.###.#.## ,* *
#.#.#.......# , , , ,,
#.#.....#.#######
#.......#........, *
#####.#.......... * * ,
#.#.#########* * ,###
#.#.##......( , , #.#
#.#.#........., ,, *
,,#.###.#.#@.......# * * * ,
#..##.#..........# ,
,,##)....####.......#########
##.##...# #................ ,
##..#....####.).....#.....##.
**
*#...#......##.......#....#...
*
#####†...............#..#....
#....##......##.$.###....
###....###.###.##....###...


There were no monsters in sight!

Vanquished Creatures
  An endoplasm (D:1)
  2 goblins (D:1)
  A ball python (D:1)
4 creatures vanquished.

Notes
Turn   | Place    | Note
-------+----------+-------------------------------------------
     0 | D:1      | sentinel the Meteoran Earth Elementalist began the quest
                  | for the Orb.
     0 | D:1      | Reached XP level 1. HP: 14/14 MP: 5/5
    83 | D:1      | Reached skill level 4 in Earth Magic
    83 | D:1      | Reached XP level 2. HP: 20/20 MP: 4/6
   196 | D:1      | Quit the game

Illustrated notes

Levels and vault maps discovered:
D:1:      ebering_hopf_link, layout_basic, roderic_serpentine_path, nrook_uturn,
          minmay_misc_feat_chi, amcnicky_mini_rare_corridor_liquid

Skill      XL: |  1 |
---------------+----+-----
Earth Magic    | 4 |  4.1
Dodging        | |  2.4
Stealth        | |  1.4
Spellcasting   | |  2.6
Transmutations | |  1.2

Action                   || total
-------------------------++-------
 Cast: Sandblast         ||     5
